 Dungeon Crawl Stone Soup version 0.31-a0-180-g519b7de00c (webtiles) character file.

Game seed: 10869271369160611871

212 qw the Shooter (level 5, 0/49 HPs)
             Began as a Naga Hunter on June 19, 2023.
             Slain by a hobgoblin
             ... wielding a +0 club
              (7 damage)
             ... on level 4 of the Dungeon.
             The game lasted 00:00:57 (2536 turns).

qw the Shooter (Naga Hunter)                        Turns: 2536, Time: 00:00:58

Health: 0/49       AC:  3    Str: 13    XL:     5   Next: 90%
Magic:  5/5        EV:  9    Int: 10    God:
Gold:   155        SH:  0    Dex: 16    Spells: 4/4 levels left

rFire   . . .        a - +1 shortbow (heavy)
rCold   . . .        (shield currently unavailable)
rNeg    . . .        c - +0 leather armour
rPois   +            (no helmet)
rElec   .            (no cloak)
rCorr   .            (no gloves)
SInv    +            (no barding)
Will    .....        (no amulet)
Stlth   ++           (no ring)
HPRegen 0.28/turn    (no ring)
MPRegen 0.09/turn

%: no passive effects
@: about to teleport, short of breath, very slow
A: AC +1, large, see invisible, deformed body, poison resistance, slowness 2,
spit poison 1, naga tail 1
a: Spit Poison


You were on level 4 of the Dungeon.
You visited 2 branches of the dungeon, and saw 5 of its levels.

You collected 155 gold pieces.


Innate Abilities, Weirdness & Mutations

Your serpentine skin is tough. (AC +1)
You have supernaturally acute eyesight. (SInv)
Armour fits poorly on your strangely shaped body.
Your system is resistant to poisons. (rPois)
You cover ground very slowly.
You can spit poison.
You have a snake-like lower body.


   Skills:
 - Level 3.0 Fighting
 + Level 5.9 Ranged Weapons
 - Level 1.5 Dodging
 - Level 1.5 Stealth


You had 4 spell levels left.
You didn't know any spells.
Your spell library was empty.

Inventory:

Hand Weapons
 a - a +1 heavy shortbow (weapon)
Armour
 c - a +0 leather armour (worn)
Scrolls
 e - 2 scrolls of teleportation
 j - a scroll of enchant armour
Potions
 b - a potion of haste {unknown}
 d - a potion of heal wounds {unknown}
 f - a potion of curing
 g - a potion of ambrosia {unknown}
 h - a potion of lignification {unknown}
 i - a potion of invisibility {unknown}

Dungeon Overview and Level Annotations

Branches:
Dungeon (4/15)             Temple (1/1) D:4

Altars:
Ashenzari
Cheibriados
Fedhas
Gozag
Kikubaaqudgha
Makhleb
Sif Muna
Uskayaw
Wu Jian
Xom
Yredelemnul
Zin

Shops:
D:4 *


Message History

The arrow hits the hobgoblin!
You kill the hobgoblin!
The gnoll barely misses you. The hobgoblin hits you with a +0 club.
The gnoll barely misses you.
You shoot an arrow. The arrow closely misses the gnoll.
The arrow hits the goblin!
You kill the goblin!
The gnoll hits you with a +0 club. The hobgoblin hits you with a +0 club.
The goblin barely misses you.
You shoot an arrow. The arrow hits the gnoll!
You kill the gnoll!
You have got your breath back.
The hobgoblin hits you with a +0 club. The goblin hits you but does no damage.
The goblin hits you with a +0 club. The hobgoblin hits you with a +0 club.
The hobgoblin hits you but does no damage.
2533 ||| INVOKING Spit Poison.
Aiming: Spit Poison (1% risk of failure)
Press: ? - help, Shift-Dir - straight line, f - hobgoblin The splash of poison hits the hobgoblin.
The hobgoblin is poisoned.
The hobgoblin is lightly wounded.
The hobgoblin hits you with a +0 club. The hobgoblin completely misses you.
The hobgoblin misses you. The goblin hits you but does no damage.
You shoot an arrow. The arrow hits the hobgoblin.
The hobgoblin is severely wounded.
You kill the hobgoblin!
The hobgoblin hits you but does no damage.
The goblin hits you but does no damage. The hobgoblin hits you with a +0 club.
The hobgoblin barely misses you. The goblin hits you with a +0 club.
The goblin barely misses you. The hobgoblin barely misses you.
You shoot an arrow. The arrow hits the goblin.
The goblin is severely wounded.
The hobgoblin barely misses you. The goblin hits you with a +0 club.
The hobgoblin hits you with a +0 club. The goblin hits you with a +0 club.
2536 ||| READING 3 scrolls of teleportation.
As you read the scroll of teleportation, it crumbles to dust.
You feel strangely unstable. The hobgoblin barely misses you.
The goblin hits you but does no damage. The hobgoblin hits you with a +0 club!
You die...

#####
###############...#
..............#...#
....).........#ggg
........).)...##g#
...########....g@#
.).# #....gg#
...########.....)#
).............##'#
..............#...
..............#...
###############...
#####


You could see 3 hobgoblins and 4 goblins.

Vanquished Creatures
  An orc priest (D:3)
  3 adders
  4 gnolls (D:4)
  A worm (D:2)
  A dart slug (D:2)
  9 orcs
  5 ball pythons
  7 endoplasms
  A giant cockroach (D:2)
  25 goblins
  20 hobgoblins
  3 quokkas
  3 bats
  A frilled lizard (D:2)
  3 kobolds
  4 rats
91 creatures vanquished.

Notes
Turn   | Place    | Note
-------+----------+-------------------------------------------
     0 | D:1      | qw the Naga Hunter began the quest for the Orb.
     0 | D:1      | Reached XP level 1. HP: 19/19 MP: 1/1
     0 | D:1      | 0 ||| qw: Version: 0.3-a-7-ge0c9b40
     0 | D:1      | 0 ||| qw: Game counter: 970
     0 | D:1      | 0 ||| qw: Always use a shield: true
     0 | D:1      | 0 ||| qw: God list: Okawaru
     0 | D:1      | 0 ||| qw: Allow faded altars: false
     0 | D:1      | 0 ||| qw: Do Orc after D:15 true
     0 | D:1      | 0 ||| qw: Do second Lair branch before Depths: true
     0 | D:1      | 0 ||| qw: Lair rune preference: random
     0 | D:1      | 0 ||| qw: Plans: Normal
     0 | D:1      | 0 ||| PLANNING D:1-11
    14 | D:1      | 14 ||| INVOKING Spit Poison.
    24 | D:1      | 24 ||| INVOKING Spit Poison.
    51 | D:1      | 51 ||| INVOKING Spit Poison.
    56 | D:1      | Reached skill level 4 in Ranged Weapons
    56 | D:1      | Reached XP level 2. HP: 26/26 MP: 2/2
    56 | D:1      | 56 ||| INVOKING Spit Poison.
   101 | D:1      | 101 ||| INVOKING Spit Poison.
   108 | D:1      | 108 ||| INVOKING Spit Poison.
   121 | D:1      | Found a faded altar of an unknown god.
   218 | D:1      | 218 ||| INVOKING Spit Poison.
   386 | D:1      | 386 ||| READING scroll labelled HINAJ PYLYSSI.
   387 | D:1      | 387 ||| READING 3 scrolls labelled EMMUBBANWE.
   392 | D:1      | 392 ||| READING scroll labelled ZOEFA BOAWI.
   393 | D:1      | 393 ||| READING scroll labelled WOLLYFRA IMOCA.
   394 | D:1      | 394 ||| READING scroll labelled TEMIYG FUNUSCHO.
   443 | D:1      | 443 ||| DROPPING scroll of butterflies.
   520 | D:2      | 520 ||| INVOKING Spit Poison.
   521 | D:2      | Reached XP level 3. HP: 32/32 MP: 3/3
   526 | D:2      | 526 ||| INVOKING Spit Poison.
   527 | D:2      | 527 ||| INVOKING Spit Poison.
   641 | D:2      | 641 ||| INVOKING Spit Poison.
   647 | D:2      | 647 ||| INVOKING Spit Poison.
   676 | D:2      | 676 ||| INVOKING Spit Poison.
   682 | D:2      | 682 ||| INVOKING Spit Poison.
   726 | D:2      | 726 ||| INVOKING Spit Poison.
   808 | D:2      | 808 ||| INVOKING Spit Poison.
   823 | D:2      | 823 ||| INVOKING Spit Poison.
   832 | D:2      | 832 ||| INVOKING Spit Poison.
   836 | D:2      | 836 ||| INVOKING Spit Poison.
  1052 | D:2      | 1052 ||| READING scroll labelled OLIEZA VEUPRU.
  1053 | D:2      | 1053 ||| READING scroll labelled HIECURI RUNNIM.
  1054 | D:2      | 1054 ||| DRINKING 2 lumpy dark potions.
  1069 | D:3      | 1069 ||| INVOKING Spit Poison.
  1071 | D:3      | 1071 ||| STAIRDANCE
  1073 | D:2      | 1073 ||| INVOKING Spit Poison.
  1074 | D:2      | Reached skill level 5 in Ranged Weapons
  1074 | D:2      | Reached XP level 4. HP: 29/39 MP: 4/4
  1114 | D:3      | 1114 ||| INVOKING Spit Poison.
  1115 | D:3      | 1115 ||| STAIRDANCE
  1152 | D:3      | 1152 ||| STAIRDANCE
  1154 | D:2      | 1154 ||| INVOKING Spit Poison.
  1158 | D:2      | 1158 ||| INVOKING Spit Poison.
  1191 | D:3      | 1191 ||| INVOKING Spit Poison.
  1243 | D:3      | 1243 ||| INVOKING Spit Poison.
  1247 | D:3      | 1247 ||| INVOKING Spit Poison.
  1251 | D:3      | Reached skill level 3 in Fighting
  1318 | D:3      | 1318 ||| INVOKING Spit Poison.
  1321 | D:3      | 1321 ||| INVOKING Spit Poison.
  1382 | D:3      | 1382 ||| INVOKING Spit Poison.
  1409 | D:3      | 1409 ||| INVOKING Spit Poison.
  1649 | D:3      | 1649 ||| INVOKING Spit Poison.
  1651 | D:3      | Reached XP level 5. HP: 49/49 MP: 5/5
  1653 | D:3      | 1653 ||| INVOKING Spit Poison.
  1767 | D:3      | 1767 ||| INVOKING Spit Poison.
  1815 | D:3      | 1815 ||| INVOKING Spit Poison.
  1871 | D:3      | 1871 ||| READING scroll labelled CUACKUPT NIETZ.
  1872 | D:3      | 1872 ||| READING 2 scrolls labelled DYKLAG OTOPAD.
  1873 | D:3      | 1873 ||| READING scroll labelled IWOSUSSACZIE.
  1874 | D:3      | 1874 ||| READING scroll labelled GEVEWK NEBUOH.
  1975 | D:3      | 1975 ||| DROPPING scroll of poison.
  2032 | D:4      | Found Vausehiy's General Store.
  2034 | D:4      | 2034 ||| INVOKING Spit Poison.
  2048 | D:4      | 2048 ||| SHOPLISTING +1 heavy orcbow (146 gold, have 131).
  2052 | D:4      | Found a staircase to the Ecumenical Temple.
  2053 | D:4      | 2053 ||| PLANNING TEMPLE
  2061 | Temple   | Entered the Ecumenical Temple
  2219 | Temple   | 2219 ||| PLANNING D:1-11
  2339 | D:4      | 2339 ||| INVOKING Spit Poison.
  2343 | D:4      | 2343 ||| INVOKING Spit Poison.
  2346 | D:4      | 2346 ||| INVOKING Spit Poison.
  2453 | D:4      | 2453 ||| Stepping ~*~*~tactically~*~*~ (outnumbered).
  2456 | D:4      | 2456 ||| INVOKING Spit Poison.
  2461 | D:4      | 2461 ||| INVOKING Spit Poison.
  2468 | D:4      | 2468 ||| INVOKING Spit Poison.
  2473 | D:4      | 2473 ||| INVOKING Spit Poison.
  2492 | D:4      | 2492 ||| INVOKING Spit Poison.
  2496 | D:4      | 2496 ||| INVOKING Spit Poison.
  2528 | D:4      | 2528 ||| INVOKING Spit Poison.
  2533 | D:4      | 2533 ||| INVOKING Spit Poison.
  2535 | D:4      | HP: 10/49 [hobgoblin/+0 club (4)]
  2536 | D:4      | 2536 ||| READING 3 scrolls of teleportation.
  2536 | D:4      | Slain by a hobgoblin

Levels and vault maps discovered:
D:1:      erik_arrival_orb_chamber, layout_rooms,
          dreamdust_ecumenical_altar_statues, feat_on_display
D:2:      layout_basic
D:3:      kennysheep_the_goblin_king, layout_loops_ring
D:4:      minmay_goblin_kobold_castle, layout_basic, minitemple,
          minmay_temple_entry_overgrown, serial_glass, glass_columns_a,
          glass_columns_a, nicolae_stop_n_shop_1, hangedman_decor_riveting,
          uniq_edmund
Temple:   nicolae_temple_bog_church

Skill      XL: |  1  2  3  4 |
---------------+-------------+-----
Ranged Weapons | 4 5 |  5.9
Fighting       | 3 |  3.0
Dodging        | |  1.5
Stealth        | |  1.5

Action                     |  1- 3 |  4- 6 || total
---------------------------+-------+-------++-------
   Fire: Shortbow          |    57 |    62 ||   119
Ability: Spit Poison       |    20 |    26 ||    46
    Use: Scroll            |     7 |     5 ||    12
         Potion            |     1 |       ||     1
 Armour: Leather armour    |     2 |    11 ||    13
  Dodge: Dodged            |     1 |    24 ||    25

Table legend:
 A = Non-vault XP
 B = Vault XP
 C = Vault XP percentage of total XP
 D = Non-vault monster count
 E = Vault monster count
 F = Vault count percentage of total count
                 A         B        C        D         E       F
            +---------+---------+-------+---------+---------+-------
      Total |     189 |     115 |  37.8 |      56 |      35 |  38.5
            +---------+---------+-------+---------+---------+-------
        D:1 |      30 |       0 |   0.0 |      17 |       0 |   0.0
        D:2 |      53 |       0 |   0.0 |      21 |       0 |   0.0
        D:3 |      96 |      13 |  11.9 |      14 |       7 |  33.3
        D:4 |      10 |     102 |  91.1 |       4 |      28 |  87.5
            +---------+---------+-------+---------+---------+-------
